 Dungeon Crawl Stone Soup version 0.20-a0-899-g09a9bfb (webtiles) character file.

40 tarabluh the Ruffian (level 3, 0/46 HPs)
             Began as a Troll Summoner on Mar 19, 2017.
             Slain by a goblin (5 damage)
             ... led by Robin
             ... on level 2 of the Dungeon.
             The game lasted 00:01:17 (640 turns).

tarabluh the Ruffian (Troll Summoner)                Turns: 640, Time: 00:01:19

Health: 0/46       AC: 21    Str: 16    XL:     3   Next: 30%
Magic:  3/3        EV:  1    Int: 12    God:
Gold:   83         SH:  0    Dex: 10    Spells: 3/4 levels left

rFire    + . .     SeeInvis .     - Unarmed
rCold    + . .     Gourm    +   (armour currently unavailable)
rNeg     + + +     Faith    .   (no shield)
rPois    +         Spirit   .   (helmet currently unavailable)
rElec    +         Reflect  .   (cloak currently unavailable)
rCorr    +         Harm     .   (gloves unavailable)
MR       .....     NoTele   +   (boots unavailable)
Stlth    +.........             (no amulet)
Regen    0.6/turn               (no ring)
MPRegen  0.1/turn               (no ring)

@: tree-form, resistant
A: unfitting armour, (claws 0), fast metabolism 3, gourmand, regeneration 1,
(shaggy fur 0), (tough skin 0)
a: no special abilities


You were on level 2 of the Dungeon.
You were very full.
You were a tree.
You visited 1 branch of the dungeon, and saw 2 of its levels.

You collected 83 gold pieces.

Inventory:

Armour
 a - a +0 robe (melded)
Jewellery
 n - a cursed ring of teleportation {unknown}
Scrolls
 e - a scroll of fog {unknown}
 f - 2 scrolls of identify {unknown}
 o - a scroll of amnesia {unknown}
Potions
 g - a potion of agility {unknown}
 h - a potion of haste {unknown}
 i - a potion of curing
Books
 b - a book of Callings

   Spells                             Type                      Level
   a - Summon Small Mammal            Summoning                    1
   b - Call Imp                       Summoning                    2
   c - Call Canine Familiar           Summoning                    3
   d - Summon Guardian Golem          Hexes/Summoning              3
   e - Summon Lightning Spire         Summoning/Air                4
   f - Summon Ice Beast               Ice/Summoning                4
Comestibles
 c - 2 bread rations
 d - a meat ration
 k - a chunk of flesh
 l - 4 fruits


   Skills:
 - Level 1.5 Dodging
 - Level 1.0 Stealth
 * Level 3.0 Unarmed Combat
 - Level 1.2 Spellcasting
 - Level 2.9 Summonings


You had 3 spell levels left.
You knew the following spells:

 Your Spells              Type           Power        Failure   Level  Hunger
a - Summon Small Mammal   Summ           #...         12%         1    ##.....


Dungeon Overview and Level Annotations

Branches:
Dungeon (2/15)

Altars:

Annotations:
D:2 Robin


Innate Abilities, Weirdness & Mutations

You are too large for most types of armour.
((You have claws for hands.))
Your metabolism is lightning-fast.
You like to eat raw meat.
Your natural rate of healing is unusually fast.
((You are covered in fur. (AC +1)))
((You have very tough skin. (AC +2)))


Message History

The hobgoblin hits you but does no damage.
The frilled lizard bites you but does no damage.
The goblin hits you but does no damage.
You are too injured to fight recklessly!
Unknown command.
You are too injured to fight recklessly!
Unknown command.
You barely miss the goblin. The goblin hits you but does no damage.
The goblin hits you.
* * * LOW HITPOINT WARNING * * *
The goblin hits you but does no damage. x3
The hobgoblin hits you but does no damage.
The goblin hits you but does no damage.
The frilled lizard bites you but does no damage.
You smack the frilled lizard!
You kill the frilled lizard!
The goblin hits you but does no damage. x4
The hobgoblin hits you but does no damage.
You completely miss the goblin. The goblin hits you.
You die...

#...... .......≈..≈.##
#...... ...≈≈..≈..≈≈≈##
#...... ..≈..≈..≈..≈≈≈#
#...... ..≈..≈⌠.≈...≈≈#
#......
...≈.⌠≈..≈..≈≈####......
≈..≈..≈..≈..≈≈#.........
≈≈..≈gggg...≈##.######..
.≈..≈gg♣gg..##..# #..
..≈≈..ggg...##.## #..
............#..# #..
..............## #..
#####...[.....# ###
###########


You could see Robin, 3 hobgoblins and 7 goblins.

Vanquished Creatures
  An ooze (D:1)
  A worm (D:2)
  2 giant cockroaches
  7 hobgoblins
  3 jackals (D:1)
  5 kobolds
  6 bats
  3 frilled lizards
  2 goblins
  2 rats (D:1)
32 creatures vanquished.

Notes
Turn   | Place    | Note
-------+----------+-------------------------------------------
     0 | D:1      | tarabluh the Troll Summoner began the quest for the Orb.
     0 | D:1      | Reached XP level 1. HP: 16/16 MP: 1/1
    23 | D:1      | Reached skill level 1 in Unarmed Combat
    84 | D:1      | Reached XP level 2. HP: 24/24 MP: 2/2
   115 | D:1      | Reached skill level 2 in Unarmed Combat
   549 | D:2      | Reached XP level 3. HP: 29/31 MP: 3/3
   626 | D:2      | Noticed Robin
   632 | D:2      | Reached skill level 3 in Unarmed Combat
   640 | D:2      | Slain by a goblin

Vault maps used:
D:1:      erik_arrival_blinker_ship, minmay_box_of_dots
D:2:      cheibrodos_helix_gallery, nicolae_qazlal_style_of_elements,
          uniq_robin, uniq_iyjb

Skill      XL: |  1  2  3 |
---------------+----------+-----
Unarmed Combat | 1 2 3 |  3.0
Dodging        | |  1.5
Stealth        | |  1.0
Spellcasting   | |  1.2
Summonings     | |  2.9

Action                   || total
-------------------------++-------
Melee: Unarmed           ||    94
       Punch             ||     1
  Use: Potion            ||     3
 Stab: Sleeping          ||     2
  Eat: Chunk             ||    11
Armor: Robe              ||    43
       Skin              ||    17
Dodge: Dodged            ||    81
